 Dungeon Crawl Stone Soup version 0.27-a0-604-g29a88b33a7 (webtiles) character file.

Game seed: 18318061853403518885

13466 robertstho the Frost Mage (level 12, 0/86 (91) HPs)
             Began as a Gnoll Ice Elementalist on Mar 12, 2021.
             Was an Elder of Sif Muna.
             Killed from afar by an orc sorcerer (38 damage)
             ... with a bolt of negative energy
             ... on level 2 of the Orcish Mines.
             The game lasted 00:28:14 (18769 turns).

robertstho the Frost Mage (Gnoll Ice Elementalist) Turns: 18769, Time: 00:28:14

HP:   0/86 (91)     AC:  6    Str:  8    XL:     12   Next: 6%
MP:   7/33          EV: 15    Int: 21    God:    Sif Muna [****..]
Gold: 1420          SH:  0    Dex: 13    Spells: 13/28 levels left

rFire    + . .     SeeInvis .   z - +8 rapier of the Lurker {elec, rPois Int+2 Stlth-}
rCold    . . .     Faith    .   (no shield)
rNeg     . . .     Spirit   .   v - +0 robe {rF+}
rPois    +         Reflect  .   (no helmet)
rElec    .         Harm     .   F - +0 cloak
rCorr    +         Rampage  .   (no gloves)
Will     .....                  w - +1 pair of boots
Stlth    +++.......             t - amulet of the acrobat
HPRegen  0.24/turn              p - ring of resist corrosion
MPRegen  0.23/turn              E - ring of magical power

@: drained
A: fangs 1, strong nose, distributed training
a: Renounce Religion, Channel Magic, Forget Spell, Divine Exegesis


You were on level 2 of the Orcish Mines.
You worshipped Sif Muna.
Sif Muna was greatly pleased with you.
You visited 3 branches of the dungeon, and saw 14 of its levels.
You also visited: Bailey.

You collected 1420 gold pieces.

Inventory:

Hand Weapons
 b - a +0 morningstar of protection
 e - a +0 dagger
 z - the +8 rapier of the Lurker (weapon) {elec, rPois Int+2 Stlth-}
   (You took it off a kobold in a bailey)

   Occasionally, upon striking a foe, it can discharge electrical energy and
   cause terrible harm.
   It affects your intelligence (+2).
   It protects you from poison.
   It makes you less stealthy.
 C - a +3 scimitar of flaming
Armour
 v - a +0 robe of fire resistance (worn)
 w - a +1 pair of boots (worn)
 F - a +0 cloak (worn)
 G - a +0 robe of cold resistance
Jewellery
 p - a ring of resist corrosion (right hand)
 t - an amulet of the acrobat (around neck)
 E - a ring of magical power (left hand)
Wands
 c - a wand of paralysis (18)
 B - a wand of acid (9)
Scrolls
 a - a scroll of random uselessness {unknown}
 f - a scroll of noise {unknown}
 h - a scroll of fog {unknown}
 k - a scroll of teleportation
 m - 2 scrolls of enchant armour
 s - a scroll of immolation
 u - 4 scrolls of magic mapping
 x - 2 scrolls of blinking {unknown}
 y - a scroll of torment {unknown}
 D - a scroll of fear
Potions
 d - 6 potions of mutation
 g - a potion of heal wounds
 i - 2 potions of might
 j - 2 potions of magic
 l - 2 potions of haste
 o - a potion of resistance
 q - 2 potions of invisibility
 r - 4 potions of flight
 I - a potion of ambrosia
Miscellaneous
 A - a tin of tremorstones (2/2)


   Skills:
 + Level 7.1 Fighting
 + Level 7.1 Short Blades
 + Level 7.1 Long Blades
 + Level 7.1 Axes
 + Level 7.1 Maces & Flails
 + Level 7.1 Polearms
 + Level 7.1 Staves
 + Level 7.1 Slings
 + Level 7.1 Bows
 + Level 7.1 Crossbows
 + Level 7.1 Throwing
 + Level 7.1 Armour
 + Level 8.5 Dodging
 + Level 8.3 Stealth
 + Level 7.1 Shields
 + Level 7.1 Unarmed Combat
 + Level 8.8 Spellcasting
 + Level 5.9 Conjurations
 + Level 5.9 Hexes
 + Level 5.9 Summonings
 + Level 5.9 Necromancy
 + Level 5.9 Translocations
 + Level 5.9 Transmutations
 + Level 5.9 Fire Magic
 + Level 9.3 Ice Magic
 + Level 5.9 Air Magic
 + Level 5.9 Earth Magic
 + Level 5.9 Poison Magic
 + Level 7.7 Invocations
 + Level 7.1 Evocations


You had 13 spell levels left.
You knew the following spells:

 Your Spells              Type           Power      Damage    Failure   Level
a - Freeze                Ice            100%       1d11      1%          1
b - Frozen Ramparts       Ice            96%        1d11      1%          3
c - Ozocubu's Armour      Ice            48%        N/A       1%          3
d - Hailstorm             Conj/Ice       41%        3d10      3%          4
e - Summon Ice Beast      Ice/Summ       41%        N/A       3%          4

Your spell library contained the following spells:

 Spells                   Type           Power      Damage    Failure   Level
 Beastly Appendage        Tmut           68%        N/A       1%          1
 Wereblood                Tmut           34%        N/A       1%          2
 Confusing Touch          Hex            34%        N/A       1%          3
 Gell's Gravitas          Tloc           17%        N/A       1%          3
 Spider Form              Tmut/Pois      17%        N/A       1%          3
 Ice Form                 Ice/Tmut       41%        N/A       3%          4
 Petrify                  Tmut/Erth      34%        N/A       6%          4
 Metabolic Englaciation   Hex/Ice        20%        N/A       9%          5
 Blade Hands              Tmut           17%        N/A       19%         5
 Bolt of Magma            Conj/Fire/Erth 17%        4d9       19%         5
 Iskenderun's Battlesphe  Conj           34%        2d9       19%         5
 Yara's Violent Unravell  Hex/Tmut       17%        3d8       19%         5
 Iron Shot                Conj/Erth      17%        9d4       69%         6
 Orb of Destruction       Conj           17%        9d8       99%         7
 Spellforged Servitor     Conj/Summ      17%        N/A       99%         7


Dungeon Overview and Level Annotations

Branches:
Dungeon (11/15)            Temple (1/1) D:5             Orc (2/2) D:9
    Elf (0/3) Orc:2        Bailey (visited)
   Lair: D:8-11

Altars:
Ashenzari
Cheibriados
Dithmenos
Elyvilon
Fedhas
Gozag
Hepliaklqana
Kikubaaqudgha
Makhleb
Nemelex Xobeh
Okawaru
Qazlal
Ru
Sif Muna
Trog
Uskayaw
Vehumet
Wu Jian
Xom
Yredelemnul
Zin
The Shining One

Shops:
D:5 =   Orc:1 (:

Annotations:
D:5 612 ring


Innate Abilities, Weirdness & Mutations

You have very sharp teeth.
Your uncanny sense of smell can sniff out nearby items.
Your experience applies equally to all skills.


Message History

The orc sorcerer hits your ice beast but does no damage.
The hellwing completely misses you. The hellwing misses you.
Unknown command.
Your ice beast misses the orc sorcerer. x2
The orc priest hits your ice beast with a +0 club.
The orc sorcerer casts a spell at you.
The bolt of negative energy hits your ice beast!
Your ice beast is drained!
Your ice beast dies!
The bolt of negative energy misses you.
You fail to use your ability.
Your ice beast disappears in a puff of smoke!
The orc sorcerer points at you and mumbles some strange words.
You resist with some effort. The hellwing closely misses you.
The hellwing hits you!
Casting: Summon Ice Beast (dangerous; 3% risk of failure)
Confirm with . or Enter, or press ? or * to list all spells.
Casting: Hailstorm (dangerous; 3% risk of failure)
Press: ? - help, Dir - look around, f - activate A cannonade of hail descends around you!
The hail pelts the orc priest!!
You kill the orc priest!
Sif Muna accepts your kill.
The hail pelts the orc sorcerer!
The orc sorcerer is moderately wounded.
Your ice beast disappears in a puff of smoke!
The hellwing misses you. x2
Unknown command.
The hellwing hits you. The hellwing hits you!
Casting: Hailstorm (dangerous; 3% risk of failure)
Confirm with . or Enter, or press ? or * to list all spells.
Casting: Hailstorm (dangerous; 3% risk of failure)
Press: ? - help, Dir - look around, f - activate A cannonade of hail descends around you!
The hail pelts something!!
Sif Muna accepts your kill.
You feel a bit more experienced.
The orc sorcerer gestures at you while chanting.
The bolt of negative energy hits you!!!
You feel drained.
You die...

. .# o.# .# . o...
#.# .. .....
##..#...
###...######.....#
.....))).o....#
......)))@4..##
############.# #..#
.. ####.### .. .
##.#....## .. ...
#........# ..
...######........#
..
#....#..............
..
##..................
..


You could see a hellwing (summoned) and an orc sorcerer.

Vanquished Creatures
  An orc high priest (Orc:2)
  Nergalle (Orc:1)
  2 orc knights
  An orc sorcerer (D:9)
  3 gargoyles (D:8)
  2 hornets (D:10)
  2 trolls (Orc:1)
  Sigmund (D:3)
  5 yaks
  A warg (Orc:2)
  2 ice beasts
  17 orc warriors
  2 black bears
  7 ogres
  2 centaurs
  2 phantoms
  2 kobold brigands
  7 bullfrogs
  A wyvern skeleton (D:9)
  2 scorpions
  A water moccasin skeleton (D:8)
  5 wights
  2 howler monkeys
  A jelly (D:10)
  4 hounds
  14 orc priests
  A bullfrog skeleton (D:10)
  2 centaur skeletons
  An iguana (D:4)
  Ijyb (D:3)
  30 orc wizards
  6 worker ants
  A killer bee zombie (D:6)
  A nameless horror (Orc:1)
  A howler monkey skeleton (D:4)
  4 worker ant zombies
  5 gnolls
  7 adders
  A shadow imp (D:6)
  2 white imps
  An adder skeleton (D:10)
  An adder zombie (D:6)
  7 worms
  A dart slug (D:4)
  6 leopard geckos
  58 orcs
  3 ball pythons
  A bat (D:1)
  6 giant cockroaches
  8 goblins
  6 hobgoblins
  4 jackals (D:6)
  19 kobolds
  5 quokkas
  5 frilled lizards
  A jackal zombie (D:9)
  2 leopard gecko zombies (D:6)
  2 quokka skeletons (D:4)
  A quokka zombie (D:7)
  9 rats
299 creatures vanquished.

Vanquished Creatures (collateral kills)
  Erica (D:9)
  Joseph (D:9)
  A gargoyle (D:8)
  A troll (D:9)
  5 yaks (D:9)
  Duvessa (D:5)
  3 ice beasts
  6 orc warriors
  7 ogres
  A centaur (D:9)
  2 bullfrogs
  Dowan (D:5)
  2 wights (D:7)
  2 bullfrog zombies
  An orc priest (Orc:2)
  2 orc wizards
  2 worker ants
  3 gnolls (D:6)
  A worker ant zombie (D:8)
  A white imp (D:6)
  18 orcs
  3 kobolds (Bailey)
65 creatures vanquished.

Vanquished Creatures (others)
  An orc (Orc:1)
1 creature vanquished.

Grand Total: 365 creatures vanquished

Notes
Turn   | Place    | Note
-------+----------+-------------------------------------------
     0 | D:1      | robertstho the Gnoll Ice Elementalist began the quest for
                  | the Orb.
     0 | D:1      | Reached XP level 1. HP: 13/13 MP: 6/6
   236 | D:1      | Reached XP level 2. HP: 9/19 MP: 7/7
  1348 | D:2      | Reached XP level 3. HP: 16/25 MP: 9/9
  1363 | D:2      | Reached skill level 5 in Spellcasting
  2021 | D:3      | Reached skill level 5 in Stealth
  2021 | D:3      | Reached XP level 4. HP: 37/37 MP: 10/12
  2026 | D:3      | Learned a level 3 spell: Frozen Ramparts
  2030 | D:3      | Learned a level 3 spell: Ozocubu's Armour
  2035 | D:3      | Learned a level 4 spell: Hailstorm
  2040 | D:3      | Learned a level 4 spell: Summon Ice Beast
  2183 | D:3      | Noticed Sigmund
  2186 | D:3      | Noticed Ijyb
  2201 | D:3      | Noticed an ogre
  2201 | D:3      | Killed an ogre
  2202 | D:3      | Reached XP level 5. HP: 21/42 MP: 0/13
  2428 | D:3      | Reached XP level 6. HP: 14/48 MP: 10/15
  2631 | D:3      | Killed Ijyb
  2698 | D:3      | Killed Sigmund
  2969 | D:3      | Found a radiant altar of Vehumet.
  2972 | D:3      | Found a hazy altar of Hepliaklqana.
  3095 | D:3      | Reached XP level 7. HP: 49/54 MP: 12/16
  3293 | D:3      | Found a sacrificial altar of Ru.
  3370 | D:3      | Noticed a moth of wrath
  3373 | D:3      | Found a bloodstained altar of Trog.
  3880 | D:4      | Reached skill level 8 in Ice Magic
  3929 | D:4      | Found a shadowy altar of Dithmenos.
  4051 | D:4      | Found a stormy altar of Qazlal.
  4653 | D:4      | Reached XP level 8. HP: 60/60 MP: 13/18
  4923 | D:5      | Entered Level 5 of the Dungeon
  4923 | D:5      | Found a staircase to the Ecumenical Temple.
  4923 | D:5      | Found Xess's Jewellery Emporium.
  4933 | Temple   | Entered the Ecumenical Temple
  5181 | Temple   | Became a worshipper of Sif Muna the Loreminder
  5827 | D:5      | Found an ancient bone altar of Kikubaaqudgha.
  6166 | D:5      | Noticed Duvessa
  6171 | D:5      | Noticed Dowan
  6180 | D:5      | Killed Duvessa
  6181 | D:5      | Reached skill level 5 in Invocations
  6188 | D:5      | Killed Dowan
  6695 | D:5      | Found a broken altar of Ashenzari.
  7069 | D:6      | Reached * piety under Sif Muna
  7336 | D:6      | Found a basalt altar of Yredelemnul.
  7927 | D:6      | Reached XP level 9. HP: 65/66 MP: 3/19
  8028 | D:6      | Found a hide-covered altar of Uskayaw.
  8270 | D:7      | Found a blossoming altar of Fedhas.
  8897 | D:7      | Found a glowing golden altar of the Shining One.
  8908 | D:7      | Reached skill level 5 in Fighting
  8908 | D:7      | Reached skill level 5 in Short Blades
  8908 | D:7      | Reached skill level 5 in Long Blades
  8908 | D:7      | Reached skill level 5 in Axes
  8908 | D:7      | Reached skill level 5 in Maces & Flails
  8908 | D:7      | Reached skill level 5 in Polearms
  8908 | D:7      | Reached skill level 5 in Staves
  8908 | D:7      | Reached skill level 5 in Slings
  8908 | D:7      | Reached skill level 5 in Bows
  8908 | D:7      | Reached skill level 5 in Crossbows
  8908 | D:7      | Reached skill level 5 in Throwing
  8908 | D:7      | Reached skill level 5 in Armour
  8908 | D:7      | Reached skill level 5 in Shields
  8908 | D:7      | Reached skill level 5 in Unarmed Combat
  8908 | D:7      | Reached skill level 5 in Evocations
  9859 | D:8      | Reached ** piety under Sif Muna
  9867 | D:8      | Found an opulent altar of Gozag.
  9911 | D:8      | Found a flagged portal.
  9928 | Bailey   | Entered a bailey
 10040 | Bailey   | Identified the +8 rapier of the Lurker {elec, rPois Int+2
                  | Stlth-}
 10047 | Bailey   | Noticed an orc knight
 10502 | Bailey   | Killed an orc knight
 10503 | Bailey   | Reached XP level 10. HP: 43/74 MP: 4/21
 11596 | D:8      | Noticed a gargoyle
 11604 | D:8      | Killed a gargoyle
 11878 | D:8      | Noticed a gargoyle
 11892 | D:8      | Killed a gargoyle
 12199 | D:8      | Noticed a gargoyle
 12200 | D:8      | Killed a gargoyle
 12217 | D:8      | Noticed a gargoyle
 12219 | D:8      | Killed a gargoyle
 12791 | D:9      | Noticed Joseph
 12799 | D:9      | Noticed Erica
 12812 | D:9      | Killed Erica
 12815 | D:9      | Killed Joseph
 13034 | D:9      | Reached skill level 5 in Conjurations
 13034 | D:9      | Reached skill level 5 in Hexes
 13034 | D:9      | Reached skill level 5 in Summonings
 13034 | D:9      | Reached skill level 5 in Necromancy
 13034 | D:9      | Reached skill level 5 in Translocations
 13034 | D:9      | Reached skill level 5 in Transmutations
 13034 | D:9      | Reached skill level 5 in Fire Magic
 13034 | D:9      | Reached skill level 5 in Air Magic
 13034 | D:9      | Reached skill level 5 in Earth Magic
 13034 | D:9      | Reached skill level 5 in Poison Magic
 13504 | D:9      | Reached XP level 11. HP: 47/77 MP: 23/23
 14072 | D:9      | Reached *** piety under Sif Muna
 14259 | D:9      | Found a staircase to the Orcish Mines.
 14490 | D:10     | Entered Level 10 of the Dungeon
 15139 | D:10     | Reached skill level 9 in Ice Magic
 15983 | D:11     | Reached **** piety under Sif Muna
 16008 | D:11     | Noticed a boulder beetle
 16424 | Orc:1    | Entered Level 1 of the Orcish Mines
 16424 | Orc:1    | Noticed an orc sorcerer
 16428 | Orc:1    | Paralysed by an orc sorcerer for 2 turns
 16443 | D:9      | Killed an orc sorcerer
 17577 | Orc:1    | Found Lisyocy's Book Emporium.
 17745 | Orc:1    | Noticed Nergalle
 17757 | Orc:1    | Killed Nergalle
 17958 | Orc:1    | Found Isogif's Weapon Shop.
 18230 | Orc:2    | Entered Level 2 of the Orcish Mines
 18262 | Orc:2    | Noticed an orc high priest
 18271 | Orc:2    | Killed an orc high priest
 18505 | Orc:2    | Found a staircase to the Elven Halls.
 18517 | Orc:2    | Noticed an orc knight
 18525 | Orc:2    | Killed an orc knight
 18526 | Orc:2    | Reached XP level 12. HP: 52/91 MP: 0/24
 18769 | Orc:2    | Killed from afar by an orc sorcerer

Illustrated notes

Levels and vault maps discovered:
D:1:      dpeg_arrival_ratfight, layout_loops_ring
D:2:      layout_basic
D:3:      layout_loops_ring, nicolae_ru_great_annihilating_truth, tgw_trog,
          minitemple, uniq_ijyb, uniq_sigmund
D:4:      layout_basic, kennysheep_mini_moat, grunt_dithmenos_smoke_and_mirrors
D:5:      layout_cave_pools, nicolae_overflow_hidden_temple,
          cheibrodos_ashenzari_chains, minmay_temple_entry_mist, serial_shops,
          shop, amcnicky_mini_pool_small, hangedman_decor_points, uniq_duvessa
D:6:      layout_loops_ring, nicolae_uskayaw_suspiria,
          nicolae_yredelemnul_corpse_copse, patterned_corridor
D:7:      layout_basic, overflow_temple_1_default, lemuel_crystal_altar
D:8:      cheibrodos_statue_roulette, layout_gridville,
          nicolae_overflow_crystal_walls, enter_bailey_2
D:9:      layout_small_grid, david_orc_4, uniq_joseph, uniq_erica
D:10:     layout_loops_ring, st_stairs_6
D:11:     layout_stronghold, lair_entry_dummy
Temple:   jpeg_temple_island
Orc:1:    layout_caves, serial_shops, nicolae_shop_statue_plus, shop,
          uniq_nergalle
Orc:2:    st_orc_mages, layout_diamond_mine, basic_altar

Skill      XL: |  1  2  3  4  5  6  7  8  9 10 11 |
---------------+----------------------------------+-----
Spellcasting   | 6 7 8 |  8.8
Fighting       | 3 4 5 6 7 |  7.1
Short Blades   | 3 4 5 6 7 |  7.1
Long Blades    | 3 4 5 6 7 |  7.1
Axes           | 3 4 5 6 7 |  7.1
Maces & Flails | 3 4 5 6 7 |  7.1
Polearms       | 3 4 5 6 7 |  7.1
Staves         | 3 4 5 6 7 |  7.1
Slings         | 3 4 5 6 7 |  7.1
Bows           | 3 4 5 6 7 |  7.1
Crossbows      | 3 4 5 6 7 |  7.1
Throwing       | 3 4 5 6 7 |  7.1
Armour         | 3 4 5 6 7 |  7.1
Dodging        | 6 7 8 |  8.5
Stealth        | 5 6 7 8 |  8.3
Shields        | 3 4 5 6 7 |  7.1
Unarmed Combat | 3 4 5 6 7 |  7.1
Conjurations   | 3 4 5 |  5.9
Hexes          | 3 4 5 |  5.9
Summonings     | 3 4 5 |  5.9
Necromancy     | 3 4 5 |  5.9
Translocations | 3 4 5 |  5.9
Transmutations | 3 4 5 |  5.9
Fire Magic     | 3 4 5 |  5.9
Air Magic      | 3 4 5 |  5.9
Earth Magic    | 3 4 5 |  5.9
Poison Magic   | 3 4 5 |  5.9
Invocations    | 4 5 6 7 |  7.7
Evocations     | 3 4 5 6 7 |  7.1
Ice Magic      | 8 9 |  9.3

Action                   |  1- 3 |  4- 6 |  7- 9 | 10-12 || total
-------------------------+-------+-------+-------+-------++-------
Melee: Dagger            |    52 |    17 |       |       ||    69
       Unarmed           |     2 |       |       |       ||     2
       Bite              |     1 |     1 |    23 |     9 ||    34
       Punch             |       |     1 |     9 |     3 ||    13
       Morningstar       |       |    21 |   302 |       ||   323
       Rapier            |       |       |       |   184 ||   184
 Cast: Freeze            |    16 |     6 |     7 |     8 ||    37
       Frozen Ramparts   |       |     8 |    26 |    14 ||    48
       Ozocubu's Armour  |       |     2 |     2 |     6 ||    10
       Hailstorm         |       |     1 |    33 |    65 ||    99
       Summon Ice Beast  |       |       |    32 |    65 ||    97
Invok: Channel Magic     |       |       |     2 |     6 ||     8
  Use: Scroll            |     2 |     3 |    11 |     4 ||    20
       Potion            |     1 |       |       |     5 ||     6
 Stab: Sleeping          |     8 |     4 |    12 |     5 ||    29
       Invisible         |       |       |     3 |       ||     3
Armor: Robe              |     7 |     7 |   101 |    39 ||   154
Dodge: Dodged            |    35 |    20 |   294 |   185 ||   534

Table legend: (Time is in decaauts)
 A = Elapsed time spent in this place.
 B = Non-inter-level travel time spent in this place.
 C = Inter-level travel time spent in this place.
 D = Time resting spent in this place.
 E = Time spent auto-exploring this place.
 F = Levels seen in this place.
 G = Mean time per level.
                   A        B        C        D        E       F      G
               +--------+--------+--------+--------+--------+-----+--------+
         Total |  18884 |  18225 |    659 |   3561 |  12166 |  15 | 1258.9 |
       Dungeon |  15895 |  15334 |    561 |   2654 |  10732 |  11 | 1445.0 |
        Temple |    325 |    259 |     66 |      0 |    256 |   1 |  325.0 |
  Orcish Mines |   1383 |   1352 |     31 |    157 |    954 |   2 |  691.5 |
        Bailey |   1280 |   1280 |      0 |    750 |    223 |   1 | 1280.0 |
               +--------+--------+--------+--------+--------+-----+--------+

Top non-repeatable levels by time:
     D:9: 2869 daAuts
     D:8: 1706 daAuts
     D:3: 1638 daAuts
     D:5: 1600 daAuts
    D:10: 1578 daAuts
     D:6: 1508 daAuts
     D:7: 1422 daAuts
     D:4: 1292 daAuts
  Bailey: 1280 daAuts
     D:1: 1100 daAuts
     D:2: 916 daAuts
   Orc:1: 844 daAuts
   Orc:2: 538 daAuts
  Temple: 325 daAuts
    D:11: 263 daAuts
